 Dungeon Sprint DCSS version 0.26-a0-710-g95a0c6c400 (webtiles) character file.

Game seed: 11640885919885592582

1619 mhtbhm the Basher (level 8, -8/88 HPs)
             Began as a Palentonga Berserker on Oct 30, 2020.
             Was a High Priest of Trog.
             Mangled by a white ugly thing (21 damage)
             ... in the Dungeon (Sprint IX: "|||||||||||||||||||||||||||||").
             The game lasted 00:01:28 (371 turns).

mhtbhm the Basher (Palentonga Berserker)             Turns: 371, Time: 00:01:28

Health: -8/88      AC: 22    Str: 22    XL:     8   Next: 64%
Magic:  8/8        EV:  7    Int:  8    God:    Trog [*****.]
Gold:   0          SH:  0    Dex: 10    Spells: 7/7 levels left

rFire    . . .     SeeInvis +   a - +2 morningstar (freeze)
rCold    . . .     Faith    .   (no shield)
rNeg     . . .     Spirit   .   b - +1 chain mail
rPois    .         Reflect  .   (no helmet)
rElec    .         Harm     .   (no cloak)
rCorr    .         Rampage  .   l - +0 pair of gloves
MR       .....     NoTele   +   (no barding)
Stlth    ..........             (no amulet)
HPRegen  0.24/turn              m - +2 ring of protection
MPRegen  0.11/turn              n - +2 ring of protection

@: berserk cooldown, slowed, very slow
A: large, rugged brown scales 3, see invisible, deformed body, roll, armoured
tail, reflexive curl
a: Rolling Charge, Berserk, Trog's Hand, Brothers in Arms, Renounce Religion


You were in the Dungeon.
You worshipped Trog.
Trog was extremely pleased with you.
You visited 1 branch

Inventory:

Hand Weapons
 a - a +2 morningstar of freezing (weapon)
Armour
 b - a +1 chain mail (worn)
 l - a +0 pair of gloves (worn)
Jewellery
 m - a +2 ring of protection (left hand)
 n - a +2 ring of protection (right hand)
Wands
 k - a wand of acid (10)
Scrolls
 h - a scroll of blinking
 j - 3 scrolls of remove curse
Potions
 c - 5 potions of curing
 d - 2 potions of heal wounds
 e - a potion of haste
 f - 4 potions of magic
 g - a potion of berserk rage
 i - a potion of invisibility


   Skills:
 + Level 11.7 Fighting
 + Level 13.4 Maces & Flails
 + Level 5.0 Armour
 + Level 4.8 Dodging


You had 7 spell levels left.
You didn't know any spells.
Your spell library was empty.

Dungeon Overview and Level Annotations

Branches:
Dungeon (1/1)

Altars:
Cheibriados
Dithmenos
Elyvilon
Fedhas
Gozag
Hepliaklqana
Kikubaaqudgha
Makhleb
Nemelex Xobeh
Okawaru
Qazlal
Ru
Sif Muna
Trog
Uskayaw
Vehumet
Wu Jian
Xom
Yredelemnul
Zin
The Shining One
Beogh
Jiyva
Lugonu


Innate Abilities, Weirdness & Mutations

You are completely covered in rugged brown scales. (AC +3, +7% HP)
You have supernaturally acute eyesight. (SInv)
Armour fits poorly on your strangely shaped body.
You can roll at foes to attack.
You have a long armoured tail.
You curl defensively after being hit.


Message History

Okay, then.
You close the door, pushing everything out of the way.
Okay, then.
Okay, then.
Okay, then.
Press: ? - help, Dir - move target cursor
As you read the scroll of blinking, it crumbles to dust.
You close the door, pushing everything out of the way.
You see here an adder corpse.
You see here a +0 animal skin.
A white ugly thing opens the door.
You see here a +0 pair of gloves.
Items here: )))))).
You see here 2 scrolls of amnesia.
There is an open door here.
There is a glowing golden altar of the Shining One here.
The white ugly thing trunk-slaps you.
* * * LOW HITPOINT WARNING * * *
The white ugly thing freezes you!!
You die... ▓▓▓▓▓▓▓▓▓▓▓▓▓▓▓▓▓▓▓▓▓▓▓▓▓▓▓▓▓▓▓▓▓ ________________@u'c?)..[[.†'†... ▓▓▓▓▓▓▓▓▓▓▓▓▓▓▓▓▓▓▓▓▓▓▓▓▓▓▓▓▓▓▓▓▓

You could see a white ugly thing and a centaur.

Vanquished Creatures
  A two-headed ogre (D)
  A tengu conjurer (D)
  A yak (D)
  A bullfrog (D)
  A scorpion (D)
  A killer bee (D)
  An orc priest (D)
  An iguana (D)
  A worker ant (D)
  3 adders (D)
  A ball python (D)
  A bat skeleton (D)
  3 goblins (D)
  A kobold (D)
  A leopard gecko zombie (D)
19 creatures vanquished.

Vanquished Creatures (collateral kills)
  An ugly thing (D)
1 creature vanquished.

Grand Total: 20 creatures vanquished

Notes
Turn   | Place    | Note
-------+----------+-------------------------------------------
     0 | D        | mhtbhm the Palentonga Berserker began the quest for the
                  | Orb.
     0 | D        | Reached XP level 1. HP: 20/20 MP: 1/1
     9 | D        | Reached ** piety under Trog
    81 | D        | Noticed a worker ant
    81 | D        | Noticed an orc priest
    81 | D        | Noticed an iguana
    85 | D        | Reached skill level 4 in Maces & Flails
    85 | D        | Reached XP level 2. HP: 28/28 MP: 2/2
    88 | D        | Reached *** piety under Trog
    88 | D        | Reached skill level 5 in Fighting
    88 | D        | Reached skill level 5 in Maces & Flails
    88 | D        | Reached XP level 3. HP: 37/38 MP: 3/3
    90 | D        | Reached XP level 4. HP: 43/44 MP: 4/4
    94 | D        | Reached skill level 6 in Maces & Flails
   200 | D        | Found a roughly hewn altar of Beogh.
   200 | D        | Found a snail-covered altar of Cheibriados.
   200 | D        | Found a shadowy altar of Dithmenos.
   200 | D        | Found a white marble altar of Elyvilon.
   200 | D        | Found a blossoming altar of Fedhas.
   200 | D        | Found an opulent altar of Gozag.
   201 | D        | Found a hazy altar of Hepliaklqana.
   202 | D        | Found a viscous altar of Jiyva.
   203 | D        | Found an ancient bone altar of Kikubaaqudgha.
   204 | D        | Found a corrupted altar of Lugonu.
   205 | D        | Found a burning altar of Makhleb.
   206 | D        | Found a sparkling altar of Nemelex Xobeh.
   207 | D        | Found an iron altar of Okawaru.
   208 | D        | Found a stormy altar of Qazlal.
   209 | D        | Found a sacrificial altar of Ru.
   210 | D        | Found a shimmering blue altar of Sif Muna.
   211 | D        | Found a bloodstained altar of Trog.
   212 | D        | Found a hide-covered altar of Uskayaw.
   213 | D        | Found a radiant altar of Vehumet.
   214 | D        | Found an ornate altar of the Wu Jian Council.
   215 | D        | Found a shimmering altar of Xom.
   216 | D        | Found a basalt altar of Yredelemnul.
   217 | D        | Found a glowing silver altar of Zin.
   218 | D        | Found a glowing golden altar of the Shining One.
   265 | D        | Noticed a yak
   269 | D        | Killed a yak
   269 | D        | Reached **** piety under Trog
   269 | D        | Reached skill level 8 in Maces & Flails
   269 | D        | Reached XP level 5. HP: 56/56 MP: 5/5
   271 | D        | Reached skill level 9 in Maces & Flails
   271 | D        | Reached XP level 6. HP: 65/65 MP: 6/6
   281 | D        | Reached ***** piety under Trog
   337 | D        | Noticed a tengu conjurer
   337 | D        | Noticed a two-headed ogre
   337 | D        | Noticed a brown ugly thing
   337 | D        | Noticed a cyan ugly thing
   340 | D        | Killed a tengu conjurer
   340 | D        | Reached skill level 10 in Maces & Flails
   340 | D        | Gained mutation: You curl defensively after being hit.
                  | [Palentonga growth]
   340 | D        | Reached XP level 7. HP: 75/75 MP: 7/7
   345 | D        | Killed a two-headed ogre
   345 | D        | Reached skill level 12 in Maces & Flails
   345 | D        | Reached XP level 8. HP: 87/87 MP: 8/8
   356 | D        | Killed a white ugly thing
   356 | D        | Reached skill level 13 in Maces & Flails
   356 | D        | Reached skill level 5 in Armour
   371 | D        | Mangled by a white ugly thing

Illustrated notes

Levels and vault maps discovered:
D:        linesprint [early_d, line_temple, items_1, d_10, items_2, lair_1,
          lair_end, items_3, orc_1, orc_end, items_4, d_15, swamp_1, shoals_1,
          snake_1, spider_1, d_20, vaults_1, items_5, swamp_end, shoals_end,
          snake_end, spider_end, vaults_end, d_27, items_6, zot_1, zot_end,
          crypt_end, forest_end, elf_end, slime_end, tomb_end, abyss_end,
          pan_hell_end]

Skill      XL: |  1  2  3  4  5  6  7  8 |
---------------+-------------------------+-----
Fighting       | 4 5 7 8 9 11 | 11.7
Maces & Flails | 4 5 8 9 10 12 13 | 13.4
Armour         | 2 3 4 5 |  5.0
Dodging        | 2 3 4 |  4.8

Action                   |  1- 3 |  4- 6 |  7- 9 || total
-------------------------+-------+-------+-------++-------
Melee: Mace              |    17 |     4 |       ||    21
       Tailslap          |     1 |     4 |     1 ||     6
       Morningstar       |       |    16 |    11 ||    27
Invok: Berserk           |     1 |     2 |       ||     3
       Brothers in Arms  |       |       |     1 ||     1
  Use: Scroll            |       |       |     1 ||     1
       Potion            |       |       |     1 ||     1
Armor: Animal skin       |     4 |       |       ||     4
       Chain mail        |       |     4 |     7 ||    11
Dodge: Dodged            |     4 |     8 |     1 ||    13

Table legend: (Time is in decaauts)
 A = Elapsed time spent in this place.
 B = Non-inter-level travel time spent in this place.
 C = Inter-level travel time spent in this place.
 D = Time resting spent in this place.
 E = Time spent auto-exploring this place.
 F = Levels seen in this place.
 G = Mean time per level.
                   A        B        C        D        E       F      G
               +--------+--------+--------+--------+--------+-----+--------+
         Total |    384 |    384 |      0 |    216 |      0 |   1 |  384.0 |
       Dungeon |    384 |    384 |      0 |    216 |      0 |   1 |  384.0 |
               +--------+--------+--------+--------+--------+-----+--------+

Top non-repeatable levels by time:
       D: 384 daAuts
